 Dungeon Crawl Stone Soup version 0.31-a0-1008-g5b978dac0e (webtiles) character file.

Game seed: 13135847289957190292

14 Amplified the Trooper (level 2, 0/19 HPs)
             Began as a Tengu Fighter on Nov 12, 2023.
             Slain by Terence
             ... wielding a +6 mace of pain
              (1 damage)
             ... on level 2 of the Dungeon.
             The game lasted 00:00:58 (859 turns).

Amplified the Trooper (Tengu Fighter)                Turns: 859, Time: 00:00:59

Health: 0/19       AC:  6    Str: 16    XL:     2   Next: 41%
Magic:  3/3        EV:  8    Int:  8    God:
Gold:   68         SH:  4    Dex: 13    Spells: 1/1 levels left

rFire   . . .        a - +0 war axe
rCold   . . .        c - +0 buckler
rNeg    . . .        b - +0 scale mail
rPois   .            (helmet restricted)
rElec   .            (no cloak)
rCorr   .            (no gloves)
SInv    .            (boots unavailable)
Will    .....        (no amulet) Stlth
                     (no ring)
HPRegen 0.23/turn    (no ring)
MPRegen 0.08/turn

%: acrobat
@: mighty
A: beak, talons 3, acrobatic
a: no special abilities


You were on level 2 of the Dungeon.
You visited 1 branch of the dungeon, and saw 2 of its levels.

You collected 68 gold pieces.

Inventory:

Hand Weapons
 a - a +0 war axe (weapon)
Armour
 b - a +0 scale mail (worn)
 c - a +0 buckler (worn)
Scrolls
 g - a scroll of immolation {unknown}
 h - a scroll of noise {unknown}
Potions
 e - a potion of curing
 f - a potion of invisibility {unknown}


   Skills:
 * Level 3.4 Fighting
 * Level 2.2 Axes
 * Level 3.4 Armour
 * Level 3.1 Shields


You had one spell level left.
You didn't know any spells.
Your spell library was empty.

Dungeon Overview and Level Annotations

Branches:
Dungeon (2/15)

Altars:

Annotations:
D:2 Terence


Innate Abilities, Weirdness & Mutations

You have a beak for a mouth.
You have claws for feet.
You can magically evade attacks while moving or waiting.


Message History

Okay, then.
Unknown command.
Unknown command.
Okay, then.
What level of the Dungeon? (default 1, ? - help)
There is a stone staircase leading down here.
You climb downwards.
There is a stone staircase leading up here.
Found a stone staircase leading up.
Found a stone staircase leading down.
A goblin comes into view. It is wielding a +0 club.
A goblin is nearby!
The goblin shouts!
Terence the Incautious comes into view.
He is wielding a +6 mace of pain and wearing a +0 ring mail of cold resistance.
Terence shouts!
You completely miss the goblin. Your peck misses the goblin.
You block the goblin's attack.
Okay, then.
The goblin attacks as it pursues you! You block the goblin's attack.
You feel very mighty all of a sudden. You block the goblin's attack.
Unknown command.
You barely miss the goblin. Your kick misses the goblin.
The goblin barely misses you.
You slash the goblin!
You kill the goblin!
Terence hits you with a +6 mace of pain!
You barely miss Terence. Your kick misses Terence.
Terence hits you with a +6 mace of pain!
* * * LOW HITPOINT WARNING * * *
You are too injured to fight recklessly!
You are too injured to fight recklessly!
Unknown command.
Okay, then.
It was a potion of curing.
You feel better.
Terence hits you with a +6 mace of pain!
* * * LOW HITPOINT WARNING * * *
You writhe in agony.
You die...
Terence says, "Rest in peace."

#.# #.. #.#### #
#.... #.....# ..
#.#...#....
#..........
#.#.###@########
#.#.#...@.......
#.#.#.#.####....
#.#.#.#.........
#.#...........#
#.#...........#
...####.#.#.###.....#
....................>
.....##.#.########...
##. #.#........ ...


You could see Terence.

Vanquished Creatures
  A dart slug (D:1)
  2 endoplasms (D:1)
  2 goblins
  A hobgoblin (D:1)
  2 quokkas (D:1)
  A kobold (D:1)
  A rat (D:1)
10 creatures vanquished.

Notes
Turn   | Place    | Note
-------+----------+-------------------------------------------
     0 | D:1      | Amplified the Tengu Fighter began the quest for the Orb.
     0 | D:1      | Reached XP level 1. HP: 14/14 MP: 2/2
   206 | D:1      | Reached XP level 2. HP: 18/19 MP: 3/3
   851 | D:2      | Noticed Terence
   859 | D:2      | Slain by Terence

Illustrated notes

Levels and vault maps discovered:
D:1:      dpeg_arrival_solitude, layout_loops_ring
D:2:      layout_basic, hellmonk_ecumenical_altar_arch_garden, uniq_terence,
          uniq_natasha

Action                     || total
---------------------------++-------
  Melee: War axe           ||    26
         Kick              ||     4
         Peck              ||     1
    Use: Scroll            ||     2
         Potion            ||     2
 Armour: Scale mail        ||    16
  Dodge: Dodged            ||     9
  Block: Buckler           ||     8

Table legend: (Time is in decaauts)
 A = Elapsed time spent in this place.
 B = Non-inter-level travel time spent in this place.
 C = Inter-level travel time spent in this place.
 D = Time resting spent in this place.
 E = Time spent auto-exploring this place.
 F = Levels seen in this place.
 G = Mean time per level.
                   A        B        C        D        E       F      G
               +--------+--------+--------+--------+--------+-----+--------+
         Total |    870 |    843 |     27 |     28 |    714 |   2 |  435.0 |
       Dungeon |    870 |    843 |     27 |     28 |    714 |   2 |  435.0 |
               +--------+--------+--------+--------+--------+-----+--------+

Top non-repeatable levels by time:
     D:1: 843 daAuts
     D:2: 27 daAuts
